cohdb
Replays
Latest Replays
All Replays
Popular Replays
Top Player Replays
Match Explorer
How It Works
Community
CoH3 Stats
Reddit
Sign in to upload your games and track your stats! →
Sign in with Steam
Match 44900053
Unlisted
Match 44900053
Overview
Messages
Build Orders
End
Scout Squad
Construct Barracks
1⁄4-ton 4x4 Truck
Selects Armored Battlegroup
Selects Veteran Crews
Riflemen Squad
Riflemen Squad
Construct Medical Station
Riflemen Squad
Mechanized Support Center
Grenade Package
Designate Forward Repair Station
Construct Motor Pool
Selects Fast Deploy
M8 Greyhound Armored Car
M1918 Browning Automatic Rifles
M3 75 mm Gun Motor Carriage
p1cosola
딸깍
Gwangju's Hero Chun Doo-gwang
Leiarde
0
0
Comments
sign in to comment!
No comments posted yet!